 Dungeon Crawl Stone Soup version 0.29-a0-1023-g6ae1a4a2c7 (webtiles) character file.

Game seed: 11278432512040773506

25 RBrandon the Insei (level 3, -4/20 HPs)
             Began as a Kobold Transmuter on Aug 12, 2022.
             Slain by a hobgoblin (5 damage)
             ... on level 2 of the Dungeon.
             The game lasted 00:02:03 (1114 turns).

RBrandon the Insei (Kobold Transmuter)              Turns: 1114, Time: 00:02:04

Health: -4/20      AC:  2    Str:  7    XL:     3   Next: 17%
Magic:  5/6        EV: 15    Int: 14    God:
Gold:   19         SH:  0    Dex: 17    Spells: 2/6 levels left

rFire   . . .      SeeInvis .   g - +0 short sword
rCold   . . .      Faith    .   (no shield)
rNeg    . . .      Spirit   .   a - +0 robe
rPois   .          Reflect  .   (helmet currently unavailable)
rElec   .          Harm     .   (no cloak)
rCorr   .          Rampage  .   (no gloves)
Will    .....                   (boots currently unavailable)
Stlth   +++.......              (no amulet)
HPRegen 0.06/turn               (no ring)
MPRegen 0.10/turn               (no ring)

@: appendages
A: horns 2, talons 2, small, no large weapons, nightstalker 3
a: End Transformation


You were on level 2 of the Dungeon.
You had temporarily grown beastly horns and talons.
You visited 1 branch of the dungeon, and saw 2 of its levels.

You collected 52 gold pieces.
You spent 33 gold pieces at shops.

Inventory:

Hand Weapons
 g - a +0 short sword (weapon)
Armour
 a - a +0 robe (worn)
Magical Staves
 f - a staff of earth
Scrolls
 c - 2 scrolls of identify {unknown}
 i - a scroll of torment {unknown}
 j - a scroll of fear {unknown}
 k - a scroll of immolation {unknown}
 l - a scroll of vulnerability {unknown}
 m - a scroll of teleportation
Potions
 b - a potion of lignification
 d - 2 potions of degeneration {unknown}
 e - 2 potions of curing {unknown}
 h - 2 potions of cancellation {unknown}
 n - a potion of haste {unknown}


   Skills:
 - Level 1.1 Fighting
 - Level 2.4 Dodging
 - Level 4.0 Unarmed Combat
 - Level 2.1 Spellcasting
 - Level 2.0 Transmutations
 + Level 0.7 Poison Magic


You had 2 spell levels left.
You knew the following spells:

 Your Spells              Type           Power      Damage    Failure   Level
a - Beastly Appendage     Tmut           14%        N/A       11%         1
b - Spider Form           Tmut/Pois      5%         N/A       38%         3

Your spell library contained the following spells:

 Spells                   Type           Power      Damage    Failure   Level
 Wereblood                Tmut           7%         N/A       16%         2
 Ice Form                 Ice/Tmut       4%         N/A       83%         4


Dungeon Overview and Level Annotations

Branches:
Dungeon (2/15)

Altars:

Shops:
D:1 ?


Innate Abilities, Weirdness & Mutations

You have temporarily grown beastly horns and talons.
You are small and have problems with some larger weapons.
You are completely attuned to the shadows.


Message History

An endoplasm comes into view.
The endoplasm quivers.
Your horns disappear.
Your talons disappear.
The helpless hobgoblin fails to defend itself.
You hit the hobgoblin.
The hobgoblin is heavily wounded.
The hobgoblin closely misses you.
You hit the hobgoblin.
The hobgoblin is severely wounded.
The hobgoblin hits you but does no damage.
The endoplasm freezes you.
You are frozen.
Casting: Beastly Appendage (safe; 11% risk of failure)
Confirm with . or Enter, or press ? or * to list all spells.
You grow a pair of large bovine horns.
Your feet morph into talons.
The hobgoblin completely misses you. The endoplasm freezes you.
You are frozen.
You hit the endoplasm.
You claw the endoplasm, but do no damage.
You headbutt the endoplasm.
You kill the endoplasm!
The hobgoblin barely misses you. The hobgoblin hits you.
* * * LOW HITPOINT WARNING * * *
You hit the hobgoblin but do no damage. You claw the hobgoblin.
The hobgoblin is severely wounded.
The hobgoblin hits you.
* * * LOW HITPOINT WARNING * * *
You closely miss the hobgoblin. Your kick misses the hobgoblin.
The hobgoblin is severely wounded.
The hobgoblin hits you.
* * * LOW HITPOINT WARNING * * *
You closely miss the hobgoblin.
The hobgoblin is severely wounded.
The hobgoblin hits you.
* * * LOW HITPOINT WARNING * * *
You hit the hobgoblin but do no damage. Your kick misses the hobgoblin.
The hobgoblin is severely wounded.
The hobgoblin hits you.
You die...

#.......#
###.#######
#........
#.#..#...
#.#.†...#
#.##.#.##
#........
..###.#.####
...g@..#.#
#.###...##
......
##.##. .#


You could see a hobgoblin.

Vanquished Creatures
  3 ball pythons
  3 endoplasms
  2 giant cockroaches
  4 goblins (D:1)
  3 quokkas
  2 bats (D:1)
  2 frilled lizards (D:1)
  2 rats
21 creatures vanquished.

Notes
Turn   | Place    | Note
-------+----------+-------------------------------------------
     0 | D:1      | RBrandon the Kobold Transmuter began the quest for the Orb.
     0 | D:1      | Reached XP level 1. HP: 12/12 MP: 3/3
   253 | D:1      | Reached XP level 2. HP: 16/16 MP: 3/5
   521 | D:1      | Found Nymir Fur's Magic Scroll Emporium.
   527 | D:1      | Bought a scroll of teleportation for 33 gold pieces
  1016 | D:2      | Reached skill level 4 in Unarmed Combat
  1016 | D:2      | Reached XP level 3. HP: 20/20 MP: 3/6
  1050 | D:2      | Learned a level 3 spell: Spider Form
  1113 | D:2      | HP: 1/20 [hobgoblin (5)]
  1114 | D:2      | Slain by a hobgoblin

Illustrated notes

Levels and vault maps discovered:
D:1:      lightli_arrival_quake, layout_basic, serial_shops, shop
D:2:      layout_loops_cross, basic_altar, hangedman_glass_teeth

Skill      XL: |  1  2 |
---------------+-------+-----
Unarmed Combat | 4 |  4.0
Fighting       | |  1.1
Dodging        | |  2.4
Spellcasting   | |  2.1
Transmutations | |  2.0
Poison Magic   | |  0.7

Action                   || total
-------------------------++-------
Melee: Short sword       ||    46
       Unarmed           ||     4
       Kick              ||    10
       Headbutt          ||     8
       Punch             ||     1
 Cast: Beastly Appendage ||    16
 Stab: Sleeping          ||     8
Armor: Robe              ||     6
Dodge: Dodged            ||    49

Table legend: (Time is in decaauts)
 A = Elapsed time spent in this place.
 B = Non-inter-level travel time spent in this place.
 C = Inter-level travel time spent in this place.
 D = Time resting spent in this place.
 E = Time spent auto-exploring this place.
 F = Levels seen in this place.
 G = Mean time per level.
                   A        B        C        D        E       F      G
               +--------+--------+--------+--------+--------+-----+--------+
         Total |   1117 |   1113 |      4 |      4 |    914 |   2 |  558.5 |
       Dungeon |   1117 |   1113 |      4 |      4 |    914 |   2 |  558.5 |
               +--------+--------+--------+--------+--------+-----+--------+

Top non-repeatable levels by time:
     D:1: 983 daAuts
     D:2: 134 daAuts

Table legend:
 A = Kills in this place as a percentage of kills in entire the game.
 B = Kills by you in this place as a percentage of kills by you in the entire game.
 C = Kills by friends in this place as a percentage of kills by friends in the entire game.
 D = Other kills in this place as a percentage of other kills in the entire game.
 E = Experience gained in this place as a percentage of experience gained in the entire game.
 F = Experience gained in this place divided by the number of levels of this place that you have seen.
                   A       B       C       D       E      F
               +-------+-------+-------+-------+-------+----------------------
         Total | 100.0 | 100.0 |   N/A |   N/A | 100.0 |  18.0
       Dungeon | 100.0 | 100.0 |   N/A |   N/A | 100.0 |  18.0
               +-------+-------+-------+-------+-------+----------------------
